AoeStats
← CTMlLOMBANA

Coastal Forest

510646449Analyzed
4v4 RM · 8h ago on Oct 2, 2026· 20m 54s· 8 players
Game mode
Random Map
Map size
Large (8 player)
Population
200
Speed
Normal
Resources
Standard
Victory
Conquest
Starting age
Dark Age
Ending age
Imperial Age
RankedLock teamsTeams togetherTeam positionsShared explorationLock speedFull tech treeHidden civsTurbo modeCheats
Victory
Defeat
🇨🇱 Mongols · Chile
1525
+13
🇨🇱 Huns · Chile
1424
+17
🇨🇱 Sicilians · Chile
1405
+18
🇨🇱 Persians · Chile
1264
+23
🇺🇸 Persians · United States
1456
-18
🇲🇽 Britons · Mexico
1453
-18
🇨🇴 Varangians · Colombia
1442
-18
🇨🇳 Maya · China
1416
-17
MEX_Angel_Tj
6:39 Loom
9:07 Feudal Age
10:00 Double-Bit Axe
12:42 Fletching
12:53 Padded Archer Armor
祈求好运
0:34 Loom
10:42 Feudal Age
11:16 Double-Bit Axe
18:40 Castle Age
16:29 Fishing Lines
17:02 Horse Collar
19:30 Forging
19:34 Medium Warships
CTMlLOMBANA
8:25 Loom
10:41 Feudal Age
11:31 Double-Bit Axe
12:29 Bloodlines
12:35 Horse Collar
13:49 Scale Barding Armor
15:11 Forging
19:49 Wheelbarrow
_WizarD_
7:09 Loom
10:00 Feudal Age
10:24 Double-Bit Axe
19:56 Wheelbarrow
Luchod_95
6:50 Loom
9:07 Feudal Age
9:41 Double-Bit Axe
14:48 Horse Collar
16:26 Scale Barding Armor
16:31 Forging
Maniacvlr1
6:38 Loom
8:57 Feudal Age
11:31 Double-Bit Axe
11:26 Horse Collar
17:16 Scale Barding Armor
joseto.lld
6:24 Loom
11:53 Feudal Age
14:09 Double-Bit Axe
20:02 Castle Age
Persir
7:14 Loom
9:21 Feudal Age
10:13 Double-Bit Axe
13:25 Fletching
17:15 Gold Mining
17:52 Horse Collar
22:52 Castle Age
Connection lost

Rejoining the realm…

Still unreachable

The connection could not be restored.

Session expired

The server has moved on; the page needs a fresh start.